 Dungeon Crawl Stone Soup version 0.29.1-1-gd02db6906a (webtiles) character file.

Game seed: 12867528490831285972

14 H0rd4k the Insei (level 2, 0/18 HPs)
             Began as an Octopode Transmuter on Oct 18, 2022.
             Slain by a kobold
             ... wielding a +0 whip
              (5 damage)
             ... on level 1 of the Dungeon.
             The game lasted 00:00:14 (576 turns).

H0rd4k the Insei (Octopode Transmuter)               Turns: 576, Time: 00:00:15

Health: 0/18       AC:  1    Str:  9    XL:     2   Next: 45%
Magic:  5/5        EV: 13    Int: 15    God:
Gold:   46         SH:  0    Dex: 12    Spells: 4/5 levels left

rFire   . . .      SeeInvis .     - Unarmed
rCold   . . .      Faith    .   (no shield)
rNeg    . . .      Spirit   .   (helmet restricted)
rPois   .          Reflect  .   (no amulet)
rElec   .          Harm     .   (no ring)
rCorr   .          Rampage  .   (no ring)
Will    .....                   (no ring)
Stlth   ++........              (no ring)
HPRegen 0.06/turn               (no ring)
MPRegen 0.09/turn               (no ring)
                                (no ring)
                                (no ring)

@: no status effects
A: almost no armour, amphibious, 8 rings, camouflage 1, gelatinous body 1,
(nimble swimmer 1), tentacles
a: no special abilities


You were on level 1 of the Dungeon.
You visited 1 branch of the dungeon, and saw 1 of its levels.

You collected 46 gold pieces.

Inventory:

Jewellery
 b - a +4 ring of protection
 c - a ring of wizardry
Potions
 a - a potion of lignification


   Skills:
 + Level 1.0 Fighting
 + Level 2.4 Dodging
 + Level 3.3 Unarmed Combat
 + Level 2.0 Spellcasting
 + Level 2.2 Transmutations


You had 4 spell levels left.
You knew the following spells:

 Your Spells              Type           Power      Damage    Failure   Level
a - Beastly Appendage     Tmut           16%        N/A       9%          1

Your spell library contained the following spells:

 Spells                   Type           Power      Damage    Failure   Level
 Wereblood                Tmut           8%         N/A       14%         2
 Spider Form              Tmut/Pois      4%         N/A       38%         3
 Ice Form                 Ice/Tmut       4%         N/A       80%         4


Dungeon Overview and Level Annotations

Branches:
Dungeon (1/15)

Altars:


Innate Abilities, Weirdness & Mutations

You cannot wear most types of armour.
You are amphibious.
You can wear up to eight rings at the same time.
Your skin changes colour to match your surroundings (Stealth+).
Your rubbery body absorbs attacks. (AC +1, EV +1)
((You are camouflaged when in or above water. (Stealth+)))
You have tentacles for arms and can constrict up to eight enemies at once.


Message History

The ball python hisses angrily.
The kobold moves out of view.
There are monsters nearby!
There are monsters nearby!
The endoplasm quivers.
The ball python barely misses you. The ball python misses you.
You closely miss the ball python.
The kobold shouts!
Your grab misses the ball python.
You hear a shout!
The ball python closely misses you. x2
There are monsters nearby!
You closely miss the ball python. Your grab misses the ball python.
The ball python bites you. The ball python grabs you.
The ball python constricts you.
You tentacle-slap the ball python.
You kill the ball python!
The endoplasm freezes you.
You are frozen.
There are monsters nearby!
You barely miss the endoplasm. You squeeze the endoplasm.
The endoplasm is lightly wounded.
A goblin comes into view. It is wielding a +0 club.
A rat comes into view.
The endoplasm freezes you.
You are frozen.
You tentacle-slap the endoplasm.
The endoplasm is severely wounded.
The endoplasm hits you.
You tentacle-slap the endoplasm.
The endoplasm is almost dead.
The kobold hits you with a +0 whip. The endoplasm freezes you.
You are frozen.
* * * LOW HITPOINT WARNING * * *
You are too injured to fight recklessly!
You are too injured to fight recklessly!
Unknown command.
The kobold attacks as you move away! The kobold hits you with a +0 whip.
You die...

#.##.##.#. ####'#.## #
#.##.## #. #..)....# ###
#.##.# #. #.......# #.#
# #.# ##
#.......######.#
#..........)...# ####
#....#########.#
.....####...............
....).g..###.#########.#
...[?.K@.......# #.#
..r...J....###.# #..
..........## .# ###
..........# #
.......?... #########...
.... #####


You could see an endoplasm, a goblin, a kobold and a rat.

Vanquished Creatures
  A dart slug (D:1)
  A ball python (D:1)
  2 endoplasms (D:1)
  2 giant cockroaches (D:1)
  A goblin (D:1)
  2 kobolds (D:1)
  A quokka (D:1)
10 creatures vanquished.

Notes
Turn   | Place    | Note
-------+----------+-------------------------------------------
     0 | D:1      | H0rd4k the Octopode Transmuter began the quest for the Orb.
     0 | D:1      | Reached XP level 1. HP: 13/13 MP: 3/3
   357 | D:1      | Reached XP level 2. HP: 18/18 MP: 5/5
   576 | D:1      | Slain by a kobold

Illustrated notes

Levels and vault maps discovered:
D:1:      minmay_arrival_nine_rooms, layout_basic,
          chequers_ecumenical_altar_island

Action                   || total
-------------------------++-------
Melee: Unarmed           ||    32
       Constrict         ||     4
       Tentacles         ||     4
Armor: Skin              ||     2
Dodge: Dodged            ||    19
